 Dungeon Crawl Stone Soup version 0.24-a0-715-g0b739ee41d (webtiles) character file.

Game seed: 324203016703011793, levelgen mode: deterministic

280 Dexcius the Chopper (level 6, -12/53 HPs)
             Began as a Minotaur Berserker on Sept 30, 2019.
             Was a Believer of Trog.
             Mangled by a reaper
             ... wielding a +6 vampiric scythe
              (43 damage)
             ... on level 2 of the Abyss.
             The game lasted 00:08:42 (2242 turns).

Dexcius the Chopper (Minotaur Berserker)            Turns: 2242, Time: 00:08:42

Health: -12/53     AC:  9    Str: 22    XL:     6   Next: 5%
Magic:  5/5        EV:  9    Int:  4    God:    Trog [**....]
Gold:   59         SH:  0    Dex: 11    Spells: 5/5 levels left

rFire    . . .     SeeInvis .   a - +0 hand axe
rCold    . . .     Gourm    .   (no shield)
rNeg     . . .     Faith    .   o - +0 chain mail
rPois    .         Spirit   .   (helmet restricted)
rElec    .         Reflect  .   j - scarf {cloud immunity}
rCorr    .         Harm     .   (no gloves)
MR       .....                  (no boots)
Stlth    ..........             (no amulet)
HPRegen  0.17/turn              (no ring)
MPRegen  0.09/turn              (no ring)

@: berserk cooldown
A: retaliatory headbutt, horns 2
a: Berserk, Trog's Hand, Renounce Religion


You were on level 2 of the Abyss.
You worshipped Trog.
Trog was pleased with you.
You were not hungry.

You visited 1 branch of the dungeon, and saw 3 of its levels.
You visited the Abyss 1 time.

You collected 59 gold pieces.

Inventory:

Hand Weapons
 a - a +0 hand axe (weapon)
Armour
 j - a scarf of cloud immunity (worn)
 o - a +0 chain mail (worn)
Jewellery
 e - an uncursed ring of wizardry {unknown}
 p - an uncursed ring of ice {unknown}
Scrolls
 h - a scroll of enchant armour {unknown}
 i - 3 scrolls of teleportation {unknown}
 k - 3 scrolls of enchant weapon {unknown}
 m - 6 scrolls of identify {unknown}
 n - a scroll of amnesia {unknown}
 q - 3 scrolls of noise {unknown}
Potions
 b - a potion of curing
 d - a potion of heal wounds {unknown}
 f - 2 potions of agility {unknown}
 g - 2 potions of brilliance {unknown}
 l - a potion of magic {unknown}
Comestibles
 c - a ration


   Skills:
 + Level 4.7 Fighting
 + Level 6.3 Axes
 + Level 3.5 Armour
 + Level 3.0 Dodging
 + Level 1.1 Stealth
 + Level 0.2 Unarmed Combat


You had 5 spell levels left.
You didn't know any spells.
Your spell library was empty.

Dungeon Overview and Level Annotations

Branches:
Dungeon (3/15)

Altars:
Kikubaaqudgha

Annotations:
D:3 EtherCrawl's ghost, amateur DrTm


Innate Abilities, Weirdness & Mutations

You reflexively headbutt those who attack you in melee.
You have a pair of horns on your head.


Message History

There is a gateway leading deeper into the Abyss here.
Your transformation is almost over.
Your transformation has ended.
Your +0 hand axe unmelds from your body.
Your scarf of cloud immunity unmelds from your body.
Your +0 chain mail unmelds from your body.
You feel immune to the effects of clouds.
The wight barely misses you.
Found a ration.
The wight hits you but does no damage.
You feel yourself speed up.
A small abomination comes into view.
A raiju comes into view.
The raiju barks!
You hear a bark!
You see here a ration.
A small abomination comes into view.
A reaper comes into view. It is wielding a +6 vampiric scythe.
The reaper hits you from afar with a +6 vampiric scythe!!!
Ouch! That really hurt!
You die...

.##. ..... ..#...
#.x.... ####...#.#
########.h......#
.....2.@z..#.ยงยง.
####..####zh.#
#...#..#x.#.# ...#
##...## # ..
#.##.# # ..#...#
###..#z# #.##z#
####.


You could see a reaper, 2 raiju, a small abomination and 2 wights.

Vanquished Creatures
  A big kobold (D:3)
  A worker ant (D:3)
  Natasha (thrice) (D:3)
  3 gnolls (D:3)
  An adder (D:3)
  2 oozes
  6 worms
  A dart slug (D:1)
  2 giant cockroaches (D:1)
  4 goblins
  4 hobgoblins
  5 jackals (D:1)
  6 kobolds
  7 bats
  3 frilled lizards
  2 rats (D:1)
51 creatures vanquished.

Notes
Turn   | Place    | Note
-------+----------+-------------------------------------------
     0 | D:1      | Dexcius the Minotaur Berserker began the quest for the Orb.
     0 | D:1      | Reached XP level 1. HP: 19/19 MP: 0/0
   324 | D:1      | Reached XP level 2. HP: 27/27 MP: 1/1
   328 | D:1      | Reached skill level 4 in Axes
   470 | D:1      | Reached ** piety under Trog
   777 | D:1      | Reached XP level 3. HP: 33/33 MP: 2/2
  1102 | D:2      | Found an ancient bone altar of Kikubaaqudgha.
  1700 | D:3      | Reached skill level 5 in Axes
  1739 | D:3      | Reached XP level 4. HP: 40/40 MP: 3/3
  1830 | D:3      | Noticed Natasha
  1839 | D:3      | Killed Natasha
  1839 | D:3      | Reached XP level 5. HP: 28/47 MP: 4/4
  1951 | D:3      | Noticed Natasha
  1959 | D:3      | Killed Natasha
  1959 | D:3      | Reached skill level 1 in Stealth
  2104 | D:3      | Noticed Natasha
  2116 | D:3      | Killed Natasha
  2116 | D:3      | Reached skill level 6 in Axes
  2185 | D:3      | Found a runed translucent gate.
  2185 | D:3      | Found a runed translucent gate.
  2185 | D:3      | Noticed EtherCrawl's ghost (amateur DrTm)
  2186 | D:3      | Found a runed translucent gate.
  2187 | D:3      | Identified the cursed +1 whip of Destiny {elec, +Blink rF+
                  | Int+2}
  2206 | D:3      | Reached XP level 6. HP: 53/53 MP: 5/5
  2209 | D:3      | Cast into level 2 of the Abyss (big kobold)
  2209 | Abyss:2  | Found a corrupted altar of Lugonu.
  2239 | Abyss:2  | Noticed a raiju
  2239 | Abyss:2  | Noticed a raiju
  2240 | Abyss:2  | Noticed a reaper
  2242 | Abyss:2  | Mangled by a reaper

Levels and vault maps discovered:
D:1:      lightli_iron_boxes, layout_basic, st_stairs_1
D:2:      layout_basic, kiku_gazebo_pond_becter
D:3:      layout_rooms, lemuel_crystal_altar, gammafunk_ghost_nasty_kobolds,
          serial_bayou, serial_bayou_pond_e, serial_bayou_pond_d,
          serial_bayou_shore_a, serial_bayou_pond_d, uniq_natasha
Abyss:2

Skill      XL: |  1  2  3  4  5 |
---------------+----------------+-----
Axes           | 4 5 6 |  6.3
Fighting       | 4 |  4.7
Armour         | 3 |  3.5
Stealth        | 1 |  1.1
Dodging        | 3 |  3.0
Unarmed Combat | |  0.2

Action                   |  1- 3 |  4- 6 || total
-------------------------+-------+-------++-------
Melee: Hand axe          |    91 |    54 ||   145
       Headbutt          |    17 |    10 ||    27
       Unarmed           |       |    11 ||    11
Invok: Berserk           |     1 |     1 ||     2
  Eat: Ration            |     1 |     1 ||     2
Armor: Animal skin       |    16 |       ||    16
       Chain mail        |    12 |    28 ||    40
Dodge: Dodged            |    54 |    20 ||    74

Table legend:
 A = Non-vault XP
 B = Vault XP
 C = Vault XP percentage of total XP
 D = Non-vault monster count
 E = Vault monster count
 F = Vault count percentage of total count
                 A         B        C        D         E       F
            +---------+---------+-------+---------+---------+-------
      Total |     259 |     141 |  35.2 |      47 |       4 |   7.8
            +---------+---------+-------+---------+---------+-------
        D:1 |      47 |       3 |   6.0 |      23 |       2 |   8.0
        D:2 |      34 |       0 |   0.0 |      10 |       0 |   0.0
        D:3 |     178 |     138 |  43.7 |      14 |       2 |  12.5
            +---------+---------+-------+---------+---------+-------
